 Dungeon Crawl Stone Soup version 0.29-a0-723-gce39da1c22 (webtiles) character file.

Game seed: 3345594781592804680

87 kae the Chopper (level 4, 0/39 HPs)
             Began as a Hill Orc Fighter on June 28, 2022.
             Succumbed to a gnoll's poison
             ... on level 3 of the Dungeon.
             The game lasted 00:01:40 (2606 turns).

kae the Chopper (Hill Orc Fighter)                  Turns: 2606, Time: 00:01:40

Health: 0/39       AC: 14    Str: 20    XL:     4   Next: 51%
Magic:  4/4        EV:  9    Int:  8    God:
Gold:   180        SH:  4    Dex: 10    Spells: 3/3 levels left

rFire   + . .      SeeInvis .   a - +0 war axe
rCold   + . .      Faith    .   c - +0 buckler
rNeg    . . .      Spirit   .   d - +5 scale mail {Will+}
rPois   +          Reflect  .   q - +0 helmet
rElec   +          Harm     .   g - +0 cloak
rCorr   +          Rampage  .   (no gloves)
Will    +....                   (no boots)
Stlth   ..........              (no amulet)
HPRegen 0.13/turn               (no ring)
MPRegen 0.09/turn               (no ring)

@: lethally poisoned (0 -> -4), resistant
A: no striking features
a: no special abilities


You were on level 3 of the Dungeon.
You visited 1 branch of the dungeon, and saw 3 of its levels.

You collected 180 gold pieces.


   Skills:
 - Level 3.6 Fighting
 + Level 6.1 Axes
 - Level 3.2 Armour
 - Level 3.2 Shields


You had 3 spell levels left.
You didn't know any spells.
Your spell library was empty.

Inventory:

Hand Weapons
 a - a +0 war axe (weapon)
Missiles
 j - 36 stones (quivered)
 k - 5 poisoned darts
Armour
 c - a +0 buckler (worn)
 d - a +5 scale mail of willpower (worn)
   (You took it off Terence on level 2 of the Dungeon)
 g - a +0 cloak (worn)
   (You found it on level 1 of the Dungeon)
 q - a +0 helmet (worn)
   (You found it on level 1 of the Dungeon)
Jewellery
 r - a ring of willpower
   (You found it on level 3 of the Dungeon)
 A - an amulet of the acrobat
   (You found it on level 3 of the Dungeon)
Wands
 m - a wand of flame (19)
   (You found it on level 3 of the Dungeon)
Scrolls
 b - 3 scrolls of identify {@r1}
 f - a scroll of brand weapon {unknown}
 n - 4 scrolls of magic mapping {!r}
Potions
 e - 2 potions of curing {unknown}
 h - 2 potions of degeneration {unknown}
 i - 2 potions of invisibility {unknown}
 o - 2 potions of attraction {!q}
 p - a potion of resistance
 s - a potion of flight {unknown}
 u - a potion of brilliance {unknown}

Dungeon Overview and Level Annotations

Branches:
Dungeon (3/15) Zot: 15354

Altars:
Fedhas
Gozag
Yredelemnul

######
♣♣.......♣♣
##...# *,*
♣...._....♣
#....# *,*
♣♣.........♣♣
#.#### *,*
♣...........♣
#.# *,*
*,♣.......♣,*
###.# *,*
****♣..g♣****
#...# *,,
♣♣..g♣♣ #†###
***
♣....g♣♣♣♣♣#.#
###..g@......#
############


You could see 4 gnolls.


Message History

No target in view!
Key pressed, stopping explore.
No target in view!
No target in view!
A - an amulet of the acrobat No target in view!
No target in view!
A ball python comes into view.
You see here 4 gold pieces.
You hit the ball python.
The ball python bites you but does no damage.
You block the ball python's attack.
A ball python is nearby!
You closely miss the ball python. The ball python barely misses you. x2
The ball python closely misses you. The ball python grabs you.
The ball python constricts you.
You slash the ball python!
You kill the ball python!
You now have 180 gold pieces (gained 4).
A dart slug comes into view.
A dart slug is nearby!
You hit the dart slug.
A dart slug is nearby!
A dart slug is nearby!
You slash the dart slug!
You kill the dart slug!
No target in view!
You see here a dart slug corpse.
Key pressed, stopping explore.
No target in view!
No target in view!
Key pressed, stopping explore.
No target in view!
No target in view!
Things that are here:
a +0 chain mail; a +0 leather armour; a +0 scale mail Key pressed, stopping explore.
No target in view!
No target in view!
You see here a dart slug corpse.
Key pressed, stopping explore.
No target in view!
No target in view!
n - 4 scrolls of magic mapping {!r} (gained 1)
Found a stone staircase leading down.
No target in view!
No target in view!
A dart slug comes into view.
A dart slug is nearby!
You slash the dart slug!
You kill the dart slug!
No target in view!
You see here a dart slug corpse. 2 gnolls come into view.
Found a blossoming altar of Fedhas.
The gnoll shouts! x2; You hear a shout!
A gnoll comes into view. It is wielding a +0 spear of venom.
The gnoll moves out of view.
A gnoll comes into view. It is wielding a +0 flail.
The gnoll shouts! x2
There are monsters nearby!
The gnoll hits you but does no damage. The gnoll hits you with a +0 halberd.
The gnoll barely misses you.
You closely miss the gnoll. x2; The gnoll hits you with a +0 flail!
The gnoll hits you but does no damage.
You are poisoned.
The gnoll hits you with a +0 halberd! 😮 HP[-18]
You take 18 damage, and now have 21/39 hp.
MASSIVE DAMAGE!! (PAUSE)
The gnoll attacks as you move away! The gnoll hits you with a +0 halberd.
* * * LOW HITPOINT WARNING * * *
x2 You feel very sick.
The gnoll hits you but does no damage. 😨 HP[-9]
You take 9 damage, and now have 12/39 hp.
MASSIVE DAMAGE!! (PAUSE)
The gnoll attacks as you move away! The gnoll closely misses you.
You feel sick. 😨 HP[-2]
You take 2 damage, and now have 10/39 hp.
Okay, then.
The gnoll attacks as you move away! The gnoll hits you with a +0 flail.
* * * LOW HITPOINT WARNING * * *
x2 You feel sick. 😱 HP[-8]
You take 8 damage, and now have 2/39 hp.
MASSIVE DAMAGE!! (PAUSE)
Okay, then.
It was a potion of resistance.
You feel protected.
* * * LOW HITPOINT WARNING * * *
You feel sick. The gnoll barely misses you. 😱 HP[-1]
You take 1 damage, and now have 1/39 hp.
Okay, then.
As you read the scroll of fear, it crumbles to dust.
You assume a fearsome visage.
The gnoll looks frightened! x4
You die...

Skill      XL: |  1  2  3  4 |
---------------+-------------+-----
Axes           | 3 4 5 6 |  6.1
Fighting       | |  3.6
Armour         | |  3.2
Shields        | |  3.2

Action                   |  1- 3 |  4- 6 || total
-------------------------+-------+-------++-------
Melee: War axe           |    81 |    51 ||   132
  Use: Scroll            |     1 |     6 ||     7
       Potion            |     1 |     1 ||     2
Armor: Scale mail        |    26 |    28 ||    54
Dodge: Dodged            |    35 |    21 ||    56
Block: Buckler           |    18 |     6 ||    24

Levels and vault maps discovered:
D:1:      tarquinn_simple_flora_water_c, layout_loops_corners,
          dreamdust_ecumenical_altar_grove
D:2:      layout_loops_cross, basic_altar, uniq_terence
D:3:      layout_loops_ring, lemuel_zombie_altar_kikubaaqudgha,
          fedhas_altar_fruit_tree, mainiacjoe_overflow_chevrons

Notes
Turn   | Place    | Note
-------+----------+-------------------------------------------
     0 | D:1      | kae the Hill Orc Fighter began the quest for the Orb.
     0 | D:1      | Reached XP level 1. HP: 19/19 MP: 1/1
     0 | D:1      | magus.rc [v1.11.3]
    51 | D:1      | Reached skill level 3 in Axes
   271 | D:1      | Reached XP level 2. HP: 18/26 MP: 2/2
   537 | D:1      | Reached skill level 4 in Axes
   631 | D:1      | Found a faded altar of an unknown god.
  1110 | D:2      | Reached XP level 3. HP: 29/31 MP: 3/3
  1172 | D:2      | Found an opulent altar of Gozag.
  1427 | D:2      | Noticed Terence
  1437 | D:2      | Killed Terence
  1438 | D:2      | Reached skill level 5 in Axes
  1438 | D:2      | Reached XP level 4. HP: 14/37 MP: 4/4
  1973 | D:3      | Found a basalt altar of Yredelemnul.
  2379 | D:3      | Reached skill level 6 in Axes
  2597 | D:3      | Found a blossoming altar of Fedhas.
  2604 | D:3      | HP: 4/39 [gnoll/+0 flail (6)]
  2605 | D:3      | HP: 1/39 [poisoned by a gnoll]
  2606 | D:3      | Succumbed to a gnoll's poison

Vanquished Creatures
  Terence (D:2)
  An adder (D:2)
  A worm (D:3)
  2 dart slugs (D:3)
  5 ball pythons
  3 endoplasms
  3 giant cockroaches
  4 goblins
  6 hobgoblins
  3 jackals (D:2)
  A kobold (D:3)
  2 quokkas
  4 bats
  2 frilled lizards
  3 rats (D:1)
41 creatures vanquished.

Table legend:
 A = Non-vault XP
 B = Vault XP
 C = Vault XP percentage of total XP
 D = Non-vault monster count
 E = Vault monster count
 F = Vault count percentage of total count
                 A         B        C        D         E       F
            +---------+---------+-------+---------+---------+-------
      Total |      89 |      36 |  28.8 |      40 |       1 |   2.4
            +---------+---------+-------+---------+---------+-------
        D:1 |      32 |       0 |   0.0 |      19 |       0 |   0.0
        D:2 |      34 |      36 |  51.4 |      13 |       1 |   7.1
        D:3 |      23 |       0 |   0.0 |       8 |       0 |   0.0
            +---------+---------+-------+---------+---------+-------

Illustrated notes

Table legend:
 A = Kills in this place as a percentage of kills in entire the game.
 B = Kills by you in this place as a percentage of kills by you in the entire game.
 C = Kills by friends in this place as a percentage of kills by friends in the entire game.
 D = Other kills in this place as a percentage of other kills in the entire game.
 E = Experience gained in this place as a percentage of experience gained in the entire game.
 F = Experience gained in this place divided by the number of levels of this place that you have seen.
                   A       B       C       D       E      F
               +-------+-------+-------+-------+-------+----------------------
         Total | 100.0 | 100.0 |   N/A |   N/A | 100.0 |  41.7
       Dungeon | 100.0 | 100.0 |   N/A |   N/A | 100.0 |  41.7
               +-------+-------+-------+-------+-------+----------------------

Table legend: (Time is in decaauts)
 A = Elapsed time spent in this place.
 B = Non-inter-level travel time spent in this place.
 C = Inter-level travel time spent in this place.
 D = Time resting spent in this place.
 E = Time spent auto-exploring this place.
 F = Levels seen in this place.
 G = Mean time per level.
                   A        B        C        D        E       F      G
               +--------+--------+--------+--------+--------+-----+--------+
         Total |   2646 |   2604 |     42 |     42 |   2209 |   3 |  882.0 |
       Dungeon |   2646 |   2604 |     42 |     42 |   2209 |   3 |  882.0 |
               +--------+--------+--------+--------+--------+-----+--------+

Top non-repeatable levels by time:
     D:1: 1069 daAuts
     D:2: 893 daAuts
     D:3: 682 daAuts
